 Dungeon Crawl Stone Soup version 0.30-a0-711-gf4ac18a38d (webtiles) character file.

Game seed: 8123590061548451443

36 Darius099 the Trooper (level 3, 0/24 HPs)
             Began as a Gargoyle Fighter on Jan 23, 2023.
             Slain by a shadow imp (3 damage)
             ... summoned by Natasha
             ... on level 2 of the Dungeon.
             The game lasted 00:00:44 (1112 turns).

Darius099 the Trooper (Gargoyle Fighter)            Turns: 1112, Time: 00:00:45

Health: 0/24       AC: 11    Str: 19    XL:     3   Next: 37%
Magic:  3/3        EV:  9    Int:  8    God:
Gold:   72         SH:  4    Dex: 11    Spells: 2/2 levels left

rFire   . . .      SeeInvis .    a - +0 flail
rCold   . . .      Faith    .    c - +0 buckler
rNeg    + . .      Spirit   .    b - +0 scale mail
rPois   ∞          Reflect  .    l - +0 helmet
rElec   +          Harm     .    (no cloak)
rCorr   .          Rampage  .    (no gloves)
Will    .....                    (no boots) Stlth
                                 (no amulet)
HPRegen 0.24/turn                (no ring)
MPRegen 0.08/turn                (no ring)

@: no status effects
A: sickness immunity, AC +3, negative energy resistance 1, electricity
resistance, torment resistance 1, petrification resistance
a: no special abilities


You were on level 2 of the Dungeon.
You visited 1 branch of the dungeon, and saw 2 of its levels.

You collected 72 gold pieces.

Inventory:

Hand Weapons
 a - a +0 flail (weapon)
Armour
 b - a +0 scale mail (worn)
 c - a +0 buckler (worn)
 l - a +0 helmet (worn)
Scrolls
 e - 2 scrolls of identify {unknown}
 f - 2 scrolls of teleportation {unknown}
 k - a scroll of enchant weapon {unknown}
 n - a scroll of noise {unknown}
Potions
 d - 3 potions of might
 g - a potion of degeneration {unknown}
 h - 2 potions of curing {unknown}
 i - a potion of invisibility {unknown}
 j - a potion of cancellation {unknown}
 m - a potion of haste {unknown}


   Skills:
 + Level 3.7 Fighting
 + Level 2.4 Maces & Flails
 + Level 3.7 Armour
 + Level 3.7 Shields


You had 2 spell levels left.
You didn't know any spells.
Your spell library contained the following spells:

 Spells                   Type           Power      Damage    Failure   Level
 Lesser Beckoning         Tloc           0%         N/A       94%         2
 Gell's Gravitas          Tloc           0%         N/A       99%         3
 Teleport Other           Tloc           0%         N/A       99%         3


Dungeon Overview and Level Annotations

Branches:
Dungeon (2/15)

Altars:

Annotations:
D:2 Natasha


Innate Abilities, Weirdness & Mutations

You are immune to sickness and miasma.
Your stone body is resilient. (AC +3)
You are immune to poison.
You resist negative energy. (rN+)
You are resistant to electric shocks. (rElec)
You are resistant to unholy torment.
You are immune to petrification.


Message History

Natasha is moderately wounded.
Natasha hisses.
Natasha mumbles some strange words.
You miss Natasha.
Natasha is moderately wounded.
Natasha extends her claws.
Natasha casts a spell at you. The magic dart hits you.
The shadow imp gestures at you. Pain shoots through your body!
Natasha barely misses you.
You sock Natasha!
Natasha is almost dead.
The shadow imp closely misses you. Natasha casts a spell at you.
The magic dart hits you!
You are too injured to fight recklessly!
You are too injured to fight recklessly!
You are too injured to fight recklessly!
You are too injured to fight recklessly!
You are too injured to fight recklessly!
You are too injured to fight recklessly!
You are too injured to fight recklessly!
You are too injured to fight recklessly!
You are too injured to fight recklessly!
You are too injured to fight recklessly!
You are too injured to fight recklessly!
You are too injured to fight recklessly!
There are monsters nearby!
There are monsters nearby!
There are monsters nearby!
You are too injured to fight recklessly!
You are too injured to fight recklessly!
There are monsters nearby!
You closely miss Natasha.
Natasha is almost dead.
The shadow imp hits you but does no damage.
Natasha claws you.
* * * LOW HITPOINT WARNING * * *
The shadow imp hits you.
You die...

#######.###.## #
.........>...# #
.............###
###.#######...## #
#...... #.....# #.....#
..#.###### ##....#
.....rh@.# ###.#.#
....####5# #.....# #
#.##.######.....#
##.######.##............#
.............######.....#
#......#.#### #.....#
######.#.# ###.###
#.#.###########.#
#####...(...........#


You could see Natasha, a shadow imp (summoned) and a quokka.

Vanquished Creatures
  An adder (D:2)
  3 ball pythons (D:1)
  2 bats (D:1)
  An endoplasm (D:2)
  2 giant cockroaches (D:1)
  3 goblins (D:1)
  A hobgoblin (D:1)
  2 jackals (D:1)
  2 quokkas (D:1)
  A frilled lizard (D:1)
  4 kobolds (D:1)
  2 rats (D:1)
24 creatures vanquished.

Vanquished Creatures (others)
  A demonic plant (D:1)
1 creature vanquished.

Grand Total: 25 creatures vanquished

Notes
Turn   | Place    | Note
-------+----------+-------------------------------------------
     0 | D:1      | Darius099 the Gargoyle Fighter began the quest for the Orb.
     0 | D:1      | Reached XP level 1. HP: 14/14 MP: 1/1
   150 | D:1      | Reached XP level 2. HP: 19/19 MP: 2/2
   642 | D:1      | Reached XP level 3. HP: 23/23 MP: 3/3
   761 | D:1      | Found a faded altar of an unknown god.
   761 | D:1      | Noticed a sixfirhy
  1107 | D:2      | Noticed Natasha
  1112 | D:2      | Slain by a shadow imp

Illustrated notes

Levels and vault maps discovered:
D:1:      beargit_arrival_greenhouse, layout_basic,
          dreamdust_ecumenical_altar_sealed_demon
D:2:      layout_loops_ring, minmay_misc_feat_enclosed, minmay_joined_circles,
          uniq_jessica, uniq_natasha

Action                     || total
---------------------------++-------
  Melee: Flail             ||   101
 Armour: Scale mail        ||    75
  Dodge: Dodged            ||    67
  Block: Buckler           ||    21

Table legend: (Time is in decaauts)
 A = Elapsed time spent in this place.
 B = Non-inter-level travel time spent in this place.
 C = Inter-level travel time spent in this place.
 D = Time resting spent in this place.
 E = Time spent auto-exploring this place.
 F = Levels seen in this place.
 G = Mean time per level.
                   A        B        C        D        E       F      G
               +--------+--------+--------+--------+--------+-----+--------+
         Total |   1145 |   1050 |     95 |      0 |    825 |   2 |  572.5 |
       Dungeon |   1145 |   1050 |     95 |      0 |    825 |   2 |  572.5 |
               +--------+--------+--------+--------+--------+-----+--------+

Top non-repeatable levels by time:
     D:1: 1006 daAuts
     D:2: 139 daAuts
